 Dungeon Crawl Stone Soup version 0.25-a0-353-ged6d54792d (webtiles) character file.

Game seed: 15275738628447181408, levelgen mode: deterministic

3239 MordorOrchid the Jinx (level 9, -4/42 (43) HPs)
             Began as a Spriggan Enchanter on Jan 2, 2020.
             Was a Priest of Sif Muna.
             Slain by a killer bee (5 damage)
             ... on level 7 of the Dungeon.
             The game lasted 00:40:31 (6194 turns).

MordorOrchid the Jinx (Spriggan Enchanter)          Turns: 6194, Time: 00:40:32

HP:   -4/42 (43)    AC:  3    Str:  4    XL:     9   Next: 67%
MP:   14/31         EV: 22    Int: 19    God:    Sif Muna [***...]
Gold: 147           SH:  0    Dex: 17    Spells: 12/24 levels left

rFire    . . .     SeeInvis +   y - +1 dagger (drain)
rCold    . . .     Gourm    .   (shield restricted)
rNeg     . . .     Faith    .   p - +1 robe {MR+}
rPois    +         Spirit   .   (helmet restricted)
rElec    .         Reflect  .   (no cloak)
rCorr    .         Harm     .   (gloves unavailable)
MR       ++...                  (boots unavailable)
Stlth    ++++......             (no amulet)
HPRegen  0.14/turn              z - ring of magical power
MPRegen  0.22/turn              E - ring of poison resistance

@: very quick
A: very small, unfitting armour, see invisible, herbivore, speed 3, slow
metabolism 2
a: Channel Magic, Forget Spell, Renounce Religion


You were on level 7 of the Dungeon.
You worshipped Sif Muna.
Sif Muna was most pleased with you.
You were not hungry.

You visited 1 branch of the dungeon, and saw 8 of its levels.

You collected 447 gold pieces.
You spent 300 gold pieces at shops.

Inventory:

Hand Weapons
 a - a +2 dagger
 j - a +0 hunting sling
 s - a +1 rapier of speed
 y - a +1 dagger of draining (weapon)
 D - a +0 shortbow
 J - a +2 dagger of speed
Missiles
 c - 26 poisoned darts
 g - 285 arrows
 n - 62 stones
 r - 50 sling bullets
 w - 8 boomerangs (quivered)
 C - 6 throwing nets
 L - 35 bolts
Armour
 b - a +0 robe
 p - a +1 robe of magic resistance (worn)
Jewellery
 h - an uncursed ring of resist corrosion
 q - an uncursed ring of positive energy
 z - a ring of magical power (left hand)
 E - a ring of poison resistance (right hand)
Wands
 F - a wand of random effects (48)
 I - a wand of paralysis (7)
 K - a wand of iceblast (16)
Scrolls
 e - 2 scrolls of enchant weapon
 f - a scroll of noise {unknown}
 l - a scroll of magic mapping
 m - 6 scrolls of remove curse
 t - 3 scrolls of teleportation
 u - a scroll of fog {unknown}
 G - a scroll of enchant armour {unknown}
 N - a scroll of amnesia
 O - a scroll of blinking
Potions
 i - 3 potions of haste {unknown}
 k - 2 potions of ambrosia
 o - a potion of lignification
 v - 2 potions of flight
 x - a potion of curing
 A - a potion of might
 B - a potion of magic
 H - a potion of heal wounds
 M - a potion of resistance {unknown}
Comestibles
 d - 13 rations


   Skills:
 * Level 2.3 Fighting
 - Level 4.0 Short Blades
 * Level 4.7 Throwing
 * Level 7.1 Dodging
 * Level 6.6 Stealth
 - Level 8.1 Spellcasting
 - Level 9.1 Hexes
 * Level 3.8 Invocations
 * Level 1.6 Evocations


You had 12 spell levels left.
You knew the following spells:

 Your Spells              Type           Power        Failure   Level  Hunger
a - Corona                Hex            #####..      1%          1    None
b - Ensorcelled Hibernat  Hex/Ice        ####..       1%          2    None
c - Confuse               Hex            #####...     1%          3    None
d - Tukima's Dance        Hex            #####...     1%          3    None
e - Dazzling Flash        Conj/Hex       ####..       4%          3    None

Your spell library contained the following spells:

 Spells                   Type           Power        Failure   Level  Hunger


Dungeon Overview and Level Annotations

Branches:
Dungeon (8/15)             Temple (0/1) D:5
   Lair: D:8-11

Altars:
Cheibriados
Elyvilon
Gozag
Hepliaklqana
Qazlal
Sif Muna
Uskayaw
Xom

Shops:
D:5 *   D:7 *


Innate Abilities, Weirdness & Mutations

You are very small and have problems with some larger weapons.
You are too small for most types of armour.
You have supernaturally acute eyesight. (SInv)
You are a herbivore.
You cover ground extremely quickly.
You need to consume almost no food.


Message History

The killer bee completely misses you.
Casting: Confuse (safe; 1% risk of failure)
Confirm with . or Enter, or press ? or * to list all spells.
Aiming: Confuse (safe; 1% risk of failure)
Press: ? - help, Shift-Dir - straight line, f/p - killer bee
Aim: a killer bee (chance to defeat MR: 76%)
The killer bee barely resists.
The killer bee barely misses you. The big kobold completely misses you.
The shadow imp completely misses you. The killer bee misses you.
Evoke which item? (* to show all) (? for menu, Esc to quit)
Aiming: Paralyse
Press: ? - help, Shift-Dir - straight line, f/p - killer bee
Aim: a killer bee (chance to defeat MR: 59%)
The killer bee resists with significant effort.
The shadow imp is no longer blind.
The killer bee stings you!
* * * LOW HITPOINT WARNING * * *
The big kobold completely misses you. The shadow imp hits you.
* * * LOW HITPOINT WARNING * * *
The killer bee stings you.
You die...

..###.##....................###..
...##..[.......[.#..........##..#
#............∩...#......#.#.#....
..#...........#..##.....###......
.........#.#..#........>##...#...
#........#...............##..##..
.................................
...............5y................
......#........K@................
..)...................#..........
..)..................#####.......
.....................## ##..####
......##.......##.....####....#
.............####......##....####
...####.....####.......##..####..
....####..)..##........##.####...
.>.#.#.#...............#...#.#...


You could see a big kobold, a killer bee and a shadow imp.

Vanquished Creatures
  Harold (D:7)
  A kobold demonologist (D:7)
  Eustachio (D:5)
  2 ice beasts (D:6)
  A sky beast (D:7)
  5 ogres
  A necrophage (D:7)
  2 centaurs
  5 bullfrogs
  A scorpion (D:4)
  A howler monkey (D:5)
  A crimson imp (D:6)
  2 hounds
  3 centaur skeletons
  5 orc priests
  Ijyb (D:5)
  Terence (D:3)
  An iguana (D:5)
  6 worker ants
  3 worker ant zombies
  Robin (D:2)
  7 adders
  A howler monkey skeleton (D:5)
  A shadow imp (D:5)
  2 worms (D:2)
  A dart slug (D:3)
  5 leopard geckos
  29 orcs
  3 ball pythons
  5 giant cockroaches
  21 goblins
  5 hobgoblins
  5 jackals
  9 kobolds
  2 quokkas
  4 bats
  5 frilled lizards
  A quokka skeleton (D:6)
  7 rats
158 creatures vanquished.

Notes
Turn   | Place    | Note
-------+----------+-------------------------------------------
     0 | D:1      | MordorOrchid the Spriggan Enchanter began the quest for the
                  | Orb.
     0 | D:1      | Reached XP level 1. HP: 9/9 MP: 5/5
   389 | D:1      | Reached skill level 5 in Stealth
   389 | D:1      | Reached XP level 2. HP: 13/13 MP: 6/6
   393 | D:1      | Learned a level 2 spell: Ensorcelled Hibernation
  1135 | D:2      | Reached XP level 3. HP: 12/17 MP: 2/8
  1140 | D:2      | Learned a level 3 spell: Confuse
  1263 | D:2      | You fall into a shaft and drop 1 floor!
  1401 | D:2      | Noticed Robin
  1500 | D:2      | Killed Robin
  1500 | D:2      | Reached skill level 1 in Fighting
  1599 | D:2      | Reached XP level 4. HP: 17/22 MP: 9/9
  1604 | D:2      | Learned a level 3 spell: Tukima's Dance
  1611 | D:2      | Reached skill level 4 in Hexes
  1843 | D:2      | Found a shimmering blue altar of Sif Muna.
  1849 | D:2      | Became a worshipper of Sif Muna the Loreminder
  1901 | D:3      | Found a snail-covered altar of Cheibriados.
  2097 | D:3      | Noticed Terence
  2104 | D:3      | Killed Terence
  2220 | D:3      | Reached XP level 5. HP: 15/25 MP: 4/11
  2293 | D:3      | Found a hazy altar of Hepliaklqana.
  2415 | D:3      | Reached * piety under Sif Muna
  2880 | D:4      | Reached XP level 6. HP: 27/30 MP: 10/13
  2885 | D:4      | Learned a level 3 spell: Dazzling Flash
  3063 | D:4      | Reached skill level 5 in Hexes
  3184 | D:4      | Reached skill level 1 in Throwing
  3184 | D:4      | Reached skill level 1 in Invocations
  3492 | D:4      | Reached XP level 7. HP: 35/35 MP: 15/15
  3531 | D:5      | Entered Level 5 of the Dungeon
  3553 | D:5      | Found Ycotar's Assorted Antiques.
  3723 | D:5      | Reached skill level 5 in Dodging
  3723 | D:5      | Reached skill level 5 in Spellcasting
  3763 | D:5      | Bought a glass wand for 96 gold pieces
  3763 | D:5      | Bought a scroll labeled VOOWIKLINO for 24 gold pieces
  3763 | D:5      | Bought a scroll labeled JYTROFUBLE for 24 gold pieces
  3763 | D:5      | Bought a scroll labeled OSETUS OXKOJ for 24 gold pieces
  3763 | D:5      | Bought a coppery potion for 21 gold pieces
  3763 | D:5      | Bought a white potion for 21 gold pieces
  3769 | D:5      | Found an opulent altar of Gozag.
  3771 | D:5      | Noticed Ijyb
  3806 | D:5      | Killed Ijyb
  3866 | D:5      | Noticed Eustachio
  3893 | D:5      | Reached skill level 6 in Hexes
  3911 | D:5      | Reached ** piety under Sif Muna
  3964 | D:5      | Killed Eustachio
  4141 | D:5      | Reached XP level 8. HP: 37/39 MP: 17/17
  4245 | D:5      | Found a staircase to the Ecumenical Temple.
  4283 | D:5      | Found a hide-covered altar of Uskayaw.
  4283 | D:5      | Noticed a +0 hand axe
  4283 | D:5      | Noticed a +0 dagger
  4641 | D:6      | Reached skill level 7 in Hexes
  4901 | D:6      | Found a white marble altar of Elyvilon.
  4901 | D:6      | Found a stormy altar of Qazlal.
  5212 | D:6      | Found a shimmering altar of Xom.
  5418 | D:7      | Noticed Harold
  5430 | D:7      | Found Bulea's General Store.
  5439 | D:7      | Bought a scroll of blinking for 90 gold pieces
  5444 | D:7      | Noticed a kobold demonologist
  5445 | D:7      | Noticed a smoke demon
  5560 | D:7      | Reached *** piety under Sif Muna
  5566 | D:7      | Killed Harold
  5566 | D:7      | Reached skill level 8 in Hexes
  5566 | D:7      | Reached XP level 9. HP: 8/42 MP: 12/21
  5894 | D:7      | Killed a kobold demonologist
  5894 | D:7      | Reached skill level 9 in Hexes
  5906 | D:7      | Reached skill level 1 in Evocations
  6194 | D:7      | HP: 1/42 [shadow imp (3)]
  6194 | D:7      | Slain by a killer bee

Levels and vault maps discovered:
D:1:      lightli_arrival_quake, layout_loops_corners, corexii_leaking_fountain,
          minmay_large_rounded_square, minmay_misc_feat_plants
D:2:      layout_loops_corners, led_sif_pool, first_ration, uniq_robin
D:3:      layout_rooms, old_standard_altar, cheibriados_altar_1, uniq_terence
D:4:      layout_gridville, minmay_ogre_servants
D:5:      layout_basic, dancing_weapons_uskayaw,
          minmay_temple_entry_proselytizer, serial_shops, shop_coins,
          nicolae_gozag_seed_capital, uniq_ijyb, uniq_eustachio
D:6:      layout_loops_ring, xom_teletrap_fun,
          gammafunk_temple_overflow_elements
D:7:      layout_cave_pools, serial_shops, shop, uniq_harold
D:8:      layout_loops_cross, kennysheep_little_box, serial_shops,
          nicolae_shop_stone, shop

Skill      XL: |  1  2  3  4  5  6  7  8  9 |
---------------+----------------------------+-----
Stealth        | 5 6 |  6.6
Fighting       | 1 2 |  2.3
Spellcasting   | 3 4 5 7 8 |  8.1
Hexes          | 4 5 6 8 9 |  9.1
Dodging        | 4 5 6 7 |  7.1
Throwing       | 2 3 4 |  4.7
Invocations    | 1 2 3 |  3.8
Short Blades   | 2 3 4 |  4.0
Evocations     | 1 |  1.6

Action                   |  1- 3 |  4- 6 |  7- 9 || total
-------------------------+-------+-------+-------++-------
Melee: Dagger            |   101 |   135 |   221 ||   457
       Rapier            |       |       |     2 ||     2
 Fire: Hunting sling     |    52 |     1 |    13 ||    66
Throw: Dart              |    23 |    79 |    45 ||   147
       Boomerang         |       |       |     3 ||     3
 Cast: Corona            |    37 |    26 |     8 ||    71
       Ensorcelled Hiber |     5 |    13 |    26 ||    44
       Confuse           |       |     6 |    47 ||    53
       Dazzling Flash    |       |       |     5 ||     5
Evoke: Wand              |       |       |    10 ||    10
  Use: Scroll            |       |     4 |    11 ||    15
 Stab: Sleeping          |    13 |    11 |    28 ||    52
       Confused          |       |     3 |    22 ||    25
       Distracted        |       |       |     1 ||     1
  Eat: Ration            |       |     1 |     3 ||     4
Armor: Robe              |     8 |     9 |     9 ||    26
Dodge: Dodged            |    78 |   116 |   150 ||   344

Table legend:
 A = Non-vault XP
 B = Vault XP
 C = Vault XP percentage of total XP
 D = Non-vault monster count
 E = Vault monster count
 F = Vault count percentage of total count
                 A         B        C        D         E       F
            +---------+---------+-------+---------+---------+-------
      Total |    3140 |    1488 |  32.2 |     137 |      21 |  13.3
            +---------+---------+-------+---------+---------+-------
        D:1 |      23 |       0 |   0.0 |      14 |       0 |   0.0
        D:2 |      69 |      26 |  27.4 |      23 |       7 |  23.3
        D:3 |      72 |      36 |  33.3 |      24 |       1 |   4.0
        D:4 |     396 |     134 |  25.3 |      17 |       9 |  34.6
        D:5 |     588 |     290 |  33.0 |      20 |       3 |  13.0
        D:6 |     818 |       0 |   0.0 |      22 |       0 |   0.0
        D:7 |    1061 |    1002 |  48.6 |      16 |       1 |   5.9
        D:8 |     113 |       0 |   0.0 |       1 |       0 |   0.0
            +---------+---------+-------+---------+---------+-------
